 Dungeon Crawl Stone Soup version 0.21.1-1-g345015fe64 (webtiles) character file.

288934 Lennu the Executioner (level 19, -7/184 HPs)
             Began as a Minotaur Fighter on May 23, 2018.
             Was a High Priest of Uskayaw.
             Killed from afar by a deep elf knight (25 damage)
             ... with an orb of energy
             ... on level 1 of the Vaults on May 24, 2018.
             The game lasted 03:23:42 (43961 turns).

Lennu the Executioner (Minotaur Fighter)           Turns: 43961, Time: 03:23:43

Health: -7/184     AC: 14    Str: 31    XL:     19   Next: 90%
Magic:  26/36      EV: 23    Int: 11    God:    Uskayaw [*****.]
Gold:   3174       SH: 11    Dex: 18    Spells: 18/18 levels left

rFire    + + +     SeeInvis .   E - +8 mithril axe "Arga" {speed, MR+}
rCold    . . .     Gourm    +   z - +3 buckler {reflect}
rNeg     . . .     Faith    .   R - +5 ring mail of Minor Irritation {MP+9 Str+3 Slay+3}
rPois    .         Spirit   .   (helmet restricted)
rElec    +         Reflect  +   r - +1 cloak {MR+}
rCorr    +         Harm     .   M - +0 pair of gloves "Nafruk" {rF++ MR-}
MR       ++...                  (no boots)
Stlth    +.........             P - amulet "Xaxoihyu" {Gourm Dex+4}
HPRegen  0.40/turn              G - ring of the Modern Lives {+Blink +Fly rElec Str+3 Int+6}
MPRegen  0.25/turn              I - ring of resist corrosion

@: about to teleport, marked, corroded, very slightly contaminated, invisible
A: retaliatory headbutt, horns 2, repulsion field 1, fire resistance 1, subdued
magic 1
}: 2/15 runes: barnacled, gossamer
a: Stomp, Line Pass, Grand Finale, Renounce Religion, Evoke Blink, Evoke Flight


You were on level 1 of the Vaults.
You worshipped Uskayaw.
Uskayaw was pleased with you.
You were very full.

You visited 8 branches of the dungeon, and saw 36 of its levels.
You visited 1 bazaar.
You also visited: Labyrinth and Ossuary.

You collected 4494 gold pieces.
You spent 1320 gold pieces at shops.

Inventory:

Hand Weapons
 E - the +8 mithril axe "Arga" (weapon) {speed, MR+}
   (You took it off a deep elf annihilator on level 3 of the Elven Halls)

   Attacks with this weapon are significantly faster.
   It affects your resistance to hostile enchantments.
 S - the +6 war axe "Ihouhod" {pain, rC+ MR+ Str+5}
   (You found it in a labyrinth)

   In the hands of one skilled in necromantic magic, it inflicts extra damage on
   living creatures.
   It affects your strength (+5).
   It protects you from cold.
   It affects your resistance to hostile enchantments.
 Y - a +9 vampiric battleaxe
Armour
 b - the +6 chain mail "Meaqune" {-Cast rPois rN++}
   (You found it on level 6 of the Lair of Beasts)

   It protects you from poison.
   It greatly protects you from negative energy.
   It prevents spellcasting.
 l - a +2 ring mail of poison resistance
 p - a +1 chain mail of cold resistance
 r - a +1 cloak of magic resistance (worn)
 z - a +3 buckler of reflection (worn)
 B - the +3 chain mail "Ituwk" {+Fly rF+ MR+}
   (You bought it in a shop on level 7 of the Dungeon)

   It protects you from fire.
   It affects your resistance to hostile enchantments.
   It lets you fly.
 C - the +0 ring mail "Heov" {rPois rN++ Int+2 Stlth+}
   (You found it on level 3 of the Shoals)

   It affects your intelligence (+2).
   It protects you from poison.
   It greatly protects you from negative energy.
   It makes you more stealthy.
 M - the +0 pair of gloves "Nafruk" (worn) {rF++ MR-}
   (You took it off Nikola on level 3 of the Spider Nest)

   It greatly protects you from fire.
   It affects your resistance to hostile enchantments.
 R - the +5 ring mail of Minor Irritation (worn) {MP+9 Str+3 Slay+3}
   (You took it off a deep elf high priest on level 3 of the Elven Halls)

   It affects your strength (+3).
   It affects your accuracy and damage with ranged weapons and melee attacks
   (+3).
   It affects your magic capacity (+9).
Jewellery
 a - an uncursed amulet of guardian spirit
 t - an uncursed ring of protection from magic
 D - an uncursed ring of positive energy
 F - a +5 ring of dexterity
 G - the ring of the Modern Lives (left hand) {+Blink +Fly rElec Str+3 Int+6}
   (You took it off a deep elf elementalist on level 3 of the Elven Halls)

   [ring of flight]

   It affects your strength (+3).
   It affects your intelligence (+6).
   It insulates you from electricity.
   It lets you fly.
   It lets you blink.
 I - a ring of resist corrosion (right hand)
 O - the ring of Poar {+Inv rN+ MR+ Str+4 Dex-3}
   (You found it in a labyrinth)

   [ring of positive energy]

   It affects your strength (+4).
   It affects your dexterity (-3).
   It protects you from negative energy.
   It affects your resistance to hostile enchantments.
   It lets you turn invisible.
 P - the amulet "Xaxoihyu" (around neck) {Gourm Dex+4}
   (You found it on level 2 of the Lair of Beasts)

   [amulet of the gourmand]

   It allows you to eat raw meat even when not hungry.
   It affects your dexterity (+4).
 Q - the amulet of Paoruf {RegenMP MR+ Int+2}
   (You took it off a deep elf master archer on level 3 of the Elven Halls)

   [amulet of magic regeneration]

   It increases your magic regeneration.
   It affects your intelligence (+2).
   It affects your resistance to hostile enchantments.
 T - an uncursed ring of positive energy
Wands
 d - a wand of enslavement (17)
Scrolls
 i - 6 scrolls of fear
 m - 12 scrolls of teleportation
 n - 2 scrolls of blinking
 o - 10 scrolls of remove curse
 y - 3 scrolls of enchant armour
 H - 3 scrolls of enchant weapon
 J - 4 scrolls of magic mapping
 V - 3 scrolls of holy word
 W - 4 scrolls of fog
 Z - a scroll of identify
Potions
 e - 2 potions of berserk rage
 j - 4 potions of flight
 k - a potion of magic
 q - 11 potions of curing
 s - 4 potions of invisibility
 u - 3 potions of might
 v - a potion of cancellation
 w - 3 potions of brilliance
 x - 5 potions of haste
 K - 3 potions of agility
 X - 2 potions of resistance
Miscellaneous
 L - 2 phantom mirrors
 U - 3 boxes of beasts
Comestibles
 f - 72 rations
 g - 10 chunks of flesh


   Skills:
 * Level 19.6 Fighting
 * Level 22.5 Axes
 * Level 16.6 Armour
 * Level 12.8 Dodging
 - Level 15.0 Shields
 + Level 0.1 Unarmed Combat
 * Level 12.4 Invocations
 + Level 0.3 Evocations


You had 18 spell levels left.
You didn't know any spells.

Dungeon Overview and Level Annotations

Branches:
Dungeon (15/15)            Temple (1/1) D:6            Lair (6/6) D:11
 Shoals (4/4) Lair:4       Spider (4/4) Lair:4        Slime (0/5) Lair:6
    Orc (2/2) D:11            Elf (3/3) Orc:2        Vaults (1/5) D:14
 Depths (0/5) D:15

Altars:
Ashenzari
Cheibriados
Dithmenos
Elyvilon
Fedhas
Gozag
Hepliaklqana
Kikubaaqudgha
Makhleb
Nemelex Xobeh
Okawaru
Qazlal
Ru
Sif Muna
Trog
Uskayaw
Vehumet
Xom
Yredelemnul
Zin
The Shining One
Jiyva

Shops:
D:5 (   D:7 [   D:10 *   Orc:2 !((:   Elf:2 *   Vaults:1 }

Portals:
Trove: Elf:3 (give +5 demon blade)

Annotations:
Lair:6 1 runed door
Vaults:1 Peloso's ghost, adept MiFi


Innate Abilities, Weirdness & Mutations

You reflexively headbutt those who attack you in melee.
You have a pair of horns on your head.
You are surrounded by a mild repulsion field. (EV +2)
Your flesh is heat resistant. (rF+)
Your spells are a little easier to cast, but a little less powerful.


Message History

You strike the helpless deep elf knight from behind!
You slice the deep elf knight like a ripe choko!!!
You kill the deep elf knight!
You slash the deep elf mage!
You kill the deep elf mage!
You slice the harpy!!
You kill the harpy!
You barely miss the deep elf knight.
You hit Peloso's ghost but do no damage.
You slice the deep elf mage!!
The deep elf archer shoots an arrow.
You reflect the arrow off your +3 buckler of reflection!
The arrow hits the deep elf archer!
The deep elf archer shoots an arrow.
The arrow hits the white very ugly thing!!
You can now merge with and destroy a victim.
A yaktaur comes into view.
As you read the scroll of teleportation, it crumbles to dust.
You feel strangely unstable.
The deep elf knight casts a spell at you.
The orb of energy hits you!
You die...

. #.)+ +..# .. #(.#
###..# ...#()+ #.#..#
...')(###+#+#.%#
####()))e.).[%%#
#.)%)...)eJD#
############u#########
.............We)....cc
........ee...(@)(cc...
.............e).....##
....................#
.........#########..#
.........#.......# .#
########[#.......# #
#.#)......#
#.#)......#
#.')).....#


You could see a white very ugly thing, a slime creature, 2 deep elf archers, a
deep elf knight, 4 yaktaurs, 2 deep elf magi, an acid dragon and Peloso's ghost.

Vanquished Creatures
  Nikola (Spider:3)
  Jorgrun (Elf:2)
  The ghost of teofil the Warrior, an adept TrFi of Okawaru (Shoals:4)
  3 deep elf master archers (Elf:3)
  2 deep elf blademasters (Elf:3)
  Roxanne (Elf:2)
  A tengu reaver (Vaults:1)
  Ilsuiw (Shoals:4)
  Kirke (Spider:3)
  A frost giant (Vaults:1)
  The ghost of Lavandula the Brawler, a journeyman DDTm of Makhleb (Orc:2)
  An orc warlord (Orc:2)
  A vault warden (Vaults:1)
  3 ghost moths
  2 deep elf sorcerers (Elf:3)
  6 emperor scorpions
  2 deep elf elementalists (Elf:3)
  Nessos (D:13)
  3 deep elf demonologists (Elf:3)
  5 deep elf annihilators (Elf:3)
  4 merfolk javelineers
  The ghost of Gitz the Severer, a journeyman HOFi of the Shining One (D:12)
  4 deep elf death magi (Elf:3)
  4 spark wasps
  A minotaur (Lab)
  The ghost of matti1234 the Jinx, a journeyman FoAM of Ru (D:11)
  4 deep elf high priests (Elf:3)
  8 merfolk impalers
  A fire dragon (Lair:6)
  A yaktaur captain (Vaults:1)
  Josephine (D:13)
  A rakshasa (Vaults:1)
  6 hydras
  A merfolk avatar (Shoals:4)
  2 alligator snapping turtles
  11 merfolk aquamancers
  5 centaur warriors
  A death knight (D:14)
  2 two-headed ogres
  19 dancing weapons
  3 tengu warriors (D:15)
  Urug (Orc:1)
  A death yak (Lair:4)
  The ghost of Dickchan the Grappler, a novice DrTm of the Shining One (D:9)
  3 orc high priests (Orc:2)
  25 deep elf knights
  11 sea snakes
  A glowing orange brain (D:15)
  A swamp dragon (Lair:6)
  A spriggan druid (Elf:3)
  A wizard (D:15)
  3 ironbrand convokers (Vaults:1)
  7 deep elf archers
  A kraken simulacrum (Shoals:4)
  A lindwurm (Lair:6)
  An unseen horror (D:15)
  A harpy (shapeshifter) (Vaults:1)
  A necromancer (D:15)
  Pikel (D:4)
  9 orc knights
  11 harpies
  20 orb spiders
  53 deep elf magi
  2 wolf spider zombies (D:15)
  7 orc sorcerers
  7 cyclopes
  12 manticores
  29 wolf spiders
  An oklob plant (Lair:1)
  4 fauns (Shoals:2)
  5 centaur zombies
  2 moths of wrath
  A guardian serpent (Lair:6)
  8 elephants
  A guardian serpent (shapeshifter) (Vaults:1)
  14 merfolk sirens
  Maurice (D:11)
  12 ugly things
  4 black mambas
  The ghost of HessuHobo the Grappler, a novice MiMo (D:5)
  3 vault sentinels (Vaults:1)
  5 water nymphs
  17 spiny frogs
  A gargoyle (D:15)
  3 torpor snails
  4 orange demons (D:11)
  3 centaur skeletons
  A yaktaur (shapeshifter) (D:15)
  5 komodo dragons
  A freezing wraith (D:14)
  A yaktaur (Vaults:1)
  A rime drake (shapeshifter) (D:13)
  3 red devils (D:11)
  4 rime drakes
  11 demonic crawlers
  36 merfolk
  41 jumping spiders
  9 meliai
  7 trolls
  16 hornets
  9 polar bears
  11 blink frogs
  Grinder (D:6)
  2 wind drakes
  A raiju (shapeshifter) (Vaults:1)
  10 snapping turtles
  8 dream sheep
  A hornet (shapeshifter) (Elf:3)
  15 slime creatures
  12 hippogriffs
  2 air elementals
  A shadow (D:14)
  A shapeshifter (D:15)
  19 water elementals
  6 wraiths
  91 redbacks
  21 tarantellas
  A tarantella (shapeshifter) (Vaults:1)
  16 wyverns
  Sigmund (D:5)
  4 fire elementals
  35 yaks
  8 hogs
  A human (D:8)
  A steam dragon (Lair:6)
  6 basilisks
  10 vampire mosquitoes
  2 hungry ghosts
  3 wargs
  5 acid dragons
  A soldier ant (shapeshifter) (D:14)
  A floating eye (shapeshifter) (D:14)
  Duvessa (D:7)
  34 water moccasins
  A swamp drake (Lair:6)
  6 ice beasts
  4 porcupines
  11 black bears
  An eye of draining (shapeshifter) (Elf:2)
  33 orc warriors
  A sky beast (shapeshifter) (Elf:3)
  2 eyes of draining
  2 sky beasts
  3 boggarts (Vaults:1)
  3 phantoms
  14 ogres
  A necrophage (D:8)
  10 wolves
  18 centaurs
  2 big kobolds (D:10)
  11 crocodiles
  3 elf zombies
  22 bullfrogs
  4 earth elementals
  A water moccasin zombie (D:11)
  2 elf skeletons (D:6)
  Dowan (D:7)
  A wyvern skeleton (D:15)
  2 scorpions
  11 killer bees
  15 wights
  3 electric eels
  5 crimson imps
  9 howler monkeys
  A quasit (D:5)
  5 jellies
  5 human zombies
  3 bullfrog zombies
  8 hounds
  23 orc priests
  A bullfrog skeleton (D:7)
  2 hell rats (Lair:1)
  2 human skeletons (D:8)
  7 iguanas
  31 orc wizards
  17 worker ants
  A big kobold zombie (Ossuary)
  3 hound zombies (Ossuary)
  3 hound skeletons
  5 mummies
  3 worker ant zombies
  12 adders
  3 gnolls (D:2)
  9 river rats (Lair:1)
  2 shadow imps
  2 oozes
  2 adder skeletons
  An adder zombie (Ossuary)
  5 worms
  3 dart slugs (D:1)
  7 leopard geckos
  89 orcs
  5 giant cockroaches
  A gnoll zombie (Ossuary)
  14 goblins
  6 hobgoblins
  21 jackals
  15 kobolds
  6 quokkas
  10 bats
  4 frilled lizards
  A goblin zombie (Ossuary)
  2 jackal zombies
  A leopard gecko skeleton (D:7)
  2 orc zombies
  A quokka skeleton (D:7)
  7 rats
  A rat zombie (Ossuary)
  5 fungi
  9 plants
1466 creatures vanquished.

Vanquished Creatures (collateral kills)
  An orb spider (Spider:4)
1 creature vanquished.

Vanquished Creatures (others)
  An ironbrand convoker (Vaults:1)
  2 wolf spiders
  A jumping spider (Spider:4)
  A wraith (Vaults:1)
  An acid dragon (Vaults:1)
  A howler monkey (D:4)
  An orc priest (Orc:2)
  Ijyb (D:4)
  2 orc wizards
  A worm (D:4)
  2 orcs
  A giant cockroach (D:4)
  A quokka (D:4)
  10 fungi
  31 plants
  3 tentacles (Shoals:4)
60 creatures vanquished.

Grand Total: 1527 creatures vanquished

Notes
Turn   | Place    | Note
-------+----------+-------------------------------------------
     0 | D:1      | Lennu the Minotaur Fighter began the quest for the Orb.
     0 | D:1      | Reached XP level 1. HP: 19/19 MP: 0/0
   146 | D:1      | Reached XP level 2. HP: 25/27 MP: 1/1
   400 | D:1      | Reached XP level 3. HP: 20/33 MP: 2/2
  1204 | D:2      | Found an iron altar of Okawaru.
  1214 | D:2      | Reached skill level 3 in Axes
  1396 | D:2      | Reached XP level 4. HP: 20/41 MP: 3/3
  1694 | D:2      | Found a faded altar of an unknown god.
  1912 | D:2      | Reached skill level 1 in Dodging
  2143 | D:2      | Found a basalt altar of Yredelemnul.
  2255 | D:3      | Reached skill level 4 in Axes
  2662 | D:4      | Noticed Pikel
  2662 | D:4      | Noticed a slave
  2662 | D:4      | Noticed a slave
  2663 | D:4      | Noticed a slave
  2664 | D:4      | Noticed a slave
  2675 | D:4      | HP: 1/41 [Pikel/whip of freezing (2)]
  2678 | D:4      | Killed Pikel
  2678 | D:4      | Reached skill level 5 in Fighting
  2678 | D:4      | Reached skill level 6 in Axes
  2678 | D:4      | Reached skill level 5 in Armour
  2678 | D:4      | Reached skill level 5 in Shields
  2678 | D:4      | Reached XP level 5. HP: 5/48 MP: 4/4
  2678 | D:4      | Reached XP level 6. HP: 6/56 MP: 5/5
  2678 | D:4      | Reached XP level 7. HP: 6/61 MP: 6/6
  2998 | D:4      | Killed Ijyb
  3314 | D:4      | Found a hazy altar of Hepliaklqana.
  3341 | D:4      | Found a burning altar of Makhleb.
  4432 | D:5      | Entered Level 5 of the Dungeon
  4452 | D:5      | Reached skill level 7 in Axes
  4515 | D:5      | Found a glowing silver altar of Zin.
  4540 | D:5      | Reached XP level 8. HP: 61/69 MP: 7/7
  4638 | D:5      | Noticed HessuHobo's ghost (novice MiMo)
  4679 | D:5      | Found a sacrificial altar of Ru.
  5257 | D:5      | Killed HessuHobo's ghost
  5257 | D:5      | Reached skill level 8 in Axes
  5494 | D:5      | Noticed Sigmund
  5500 | D:5      | Killed Sigmund
  5671 | D:5      | Reached XP level 9. HP: 72/75 MP: 8/8
  5683 | D:5      | Found Ruyky's Antique Weapon Shoppe.
  5687 | D:5      | Bought a scorched broad axe for 198 gold pieces
  5687 | D:5      | Identified the cursed +1 broad axe "Beetlebane" {elec, +Fly} (You bought it in a shop on level 5 of the Dungeon)
  5993 | D:6      | Reached skill level 9 in Axes
  6012 | D:6      | Found a sand-covered staircase.
  6022 | Ossuary  | Entered an ossuary
  6203 | Ossuary  | Gained mutation: Your muscles are strong. (Str +2) [potion of mutation]
  6203 | Ossuary  | Gained mutation: You are resistant to hostile enchantments. (MR+) [potion of mutation]
  6203 | Ossuary  | Lost mutation: Your muscles are strong. (Str +2) [potion of mutation]
  6203 | Ossuary  | Gained mutation: You are somewhat resistant to further mutation. [potion of mutation]
  6206 | Ossuary  | Lost mutation: You are somewhat resistant to further mutation. [potion of mutation]
  6206 | Ossuary  | Lost mutation: You are resistant to hostile enchantments. (MR+) [potion of mutation]
  6206 | Ossuary  | Gained mutation: You have an increased reservoir of magic. (+10% MP) [potion of mutation]
  6206 | Ossuary  | Gained mutation: Your muscles are strong. (Str +2) [potion of mutation]
  6206 | Ossuary  | Gained mutation: You evolve. [potion of mutation]
  6207 | Ossuary  | Lost mutation: Your muscles are strong. (Str +2) [potion of mutation]
  6207 | Ossuary  | Lost mutation: You evolve. [potion of mutation]
  6207 | Ossuary  | Lost mutation: You have an increased reservoir of magic. (+10% MP) [potion of mutation]
  6207 | Ossuary  | Gained mutation: You tend to lose your temper in combat. [potion of mutation]
  6207 | Ossuary  | Gained mutation: You are somewhat resistant to further mutation. [potion of mutation]
  6208 | Ossuary  | Lost mutation: You tend to lose your temper in combat. [potion of mutation]
  6208 | Ossuary  | Lost mutation: You are somewhat resistant to further mutation. [potion of mutation]
  6208 | Ossuary  | Gained mutation: You are surrounded by a mild repulsion field. (EV +2) [potion of mutation]
  6208 | Ossuary  | Gained mutation: Your flesh is heat resistant. (rF+) [potion of mutation]
  6578 | D:6      | Reached skill level 10 in Axes
  6842 | D:6      | Found a staircase to the Ecumenical Temple.
  6853 | D:6      | Noticed Grinder
  6861 | Temple   | Entered the Ecumenical Temple
  6872 | Temple   | Became a worshipper of Uskayaw the Reveler
  7251 | D:6      | Paralysed by Grinder for 3 turns
  7254 | D:6      | Reached * piety under Uskayaw
  7255 | D:6      | Paralysed by Grinder for 6 turns
  7261 | D:6      | Killed Grinder
  7470 | D:7      | Reached ** piety under Uskayaw
  7472 | D:7      | Reached *** piety under Uskayaw
  7479 | D:7      | Reached **** piety under Uskayaw
  7482 | D:7      | Noticed Duvessa
  7490 | D:7      | Killed Duvessa
  7585 | D:7      | Noticed Dowan
  7589 | D:7      | Killed Dowan
  7589 | D:7      | Reached skill level 1 in Invocations
  7666 | D:7      | Reached XP level 10. HP: 86/86 MP: 2/9
  7667 | D:7      | Reached skill level 11 in Axes
  8022 | D:7      | Found a glowing golden altar of the Shining One.
  8028 | D:7      | Found Net Buck's Antique Armour Shop.
  8054 | D:7      | Bought an aquamarine-encrusted chain mail for 247 gold pieces
  8064 | D:7      | Identified the +3 chain mail "Ituwk" {+Fly rF+ MR+} (You bought it in a shop on level 7 of the Dungeon)
  8285 | D:8      | Reached skill level 5 in Dodging
  8819 | D:8      | Found a white marble altar of Elyvilon.
  8823 | D:8      | Found a glowing golden altar of the Shining One.
  8999 | D:8      | Found an ancient bone altar of Kikubaaqudgha.
  9025 | D:8      | Reached ***** piety under Uskayaw
  9050 | D:8      | Reached ****** piety under Uskayaw
  9361 | D:8      | Reached skill level 12 in Axes
  9585 | D:9      | Noticed Dickchan's ghost (novice DrTm)
  9603 | D:9      | Killed Dickchan's ghost
  9713 | D:9      | Reached XP level 11. HP: 90/95 MP: 10/12
  9895 | D:9      | Got a jacinth-encrusted scale mail
  9906 | D:9      | Identified the cursed +1 scale mail of Bitterness {*Corrode Str+6} (You took it off a wight on level 9 of the Dungeon)
 10134 | D:10     | Entered Level 10 of the Dungeon
 10341 | D:10     | Noticed a two-headed ogre
 10347 | D:10     | Killed a two-headed ogre
 10347 | D:10     | Reached skill level 13 in Axes
 10648 | D:10     | Paralysed by a hornet for 3 turns
 10724 | D:10     | Found a sparkling altar of Nemelex Xobeh.
 10905 | D:10     | Found Beghot's General Store.
 11010 | D:7      | Bought a pair of embroidered gloves for 195 gold pieces
 11020 | D:7      | Bought a pair of glowing gloves for 195 gold pieces
 11860 | D:11     | Noticed a two-headed ogre
 11867 | D:11     | Killed a two-headed ogre
 11867 | D:11     | Reached skill level 10 in Shields
 11894 | D:11     | Reached skill level 14 in Axes
 12389 | D:11     | Noticed matti1234's ghost (journeyman FoAM)
 12414 | D:11     | Killed matti1234's ghost
 12414 | D:11     | Reached XP level 12. HP: 55/105 MP: 8/14
 12638 | D:11     | Noticed Maurice
 12644 | D:11     | Killed Maurice
 12985 | D:11     | Found a staircase to the Orcish Mines.
 13023 | D:11     | Found a staircase to the Lair.
 13071 | Lair:1   | Entered Level 1 of the Lair of Beasts
 13071 | Lair:1   | Found a labyrinth entrance.
 13081 | Lab      | Entered a labyrinth
 13216 | Lab      | Noticed a minotaur
 13223 | Lab      | Killed a minotaur
 13223 | Lab      | Reached skill level 5 in Invocations
 13225 | Lab      | Identified Efuok's Compendium of Changing
 13225 | Lab      | Identified the Incunabulum of Earthen Battle Magic
 13226 | Lab      | Found the +1 cloak of Starlight {rElec rC+ EV+4 Stlth--}
 13226 | Lab      | Got a transparent ivory ring
 13226 | Lab      | Got a flickering lapis lazuli ring
 13227 | Lab      | Got a slimy war axe
 13227 | Lab      | Got a spiked ring mail
 13320 | D:11     | Identified the +6 war axe "Ihouhod" {pain, rC+ MR+ Str+5} (You found it in a labyrinth)
 13332 | D:11     | Identified the cursed +0 ring mail of Mirth {Str+5} (You found it in a labyrinth)
 13356 | D:11     | Identified the ring of Poar {+Inv rN+ MR+ Str+4 Dex-3} (You found it in a labyrinth)
 13358 | D:11     | Identified the cursed ring of Qythromeck {*Corrode rPois rF+ Str+4 Int-3} (You found it in a labyrinth)
 13410 | Lair:1   | Reached skill level 10 in Armour
 14045 | Lair:1   | Reached skill level 10 in Fighting
 14219 | Lair:2   | Reached skill level 15 in Axes
 14607 | Lair:2   | Got a glittering iron amulet
 14609 | Lair:2   | Identified the amulet "Xaxoihyu" {Gourm Dex+4} (You found it on level 2 of the Lair of Beasts)
 15120 | Lair:3   | Reached XP level 13. HP: 107/114 MP: 16/16
 15728 | Lair:4   | Found a hole to the Spider Nest.
 16123 | Lair:4   | Found a staircase to the Shoals.
 16187 | Lair:4   | Reached skill level 16 in Axes
 17492 | Lair:6   | Entered Level 6 of the Lair of Beasts
 17799 | Lair:6   | Found a runed door.
 17800 | Lair:6   | Found a viscous altar of Jiyva.
 17801 | Lair:6   | Noticed an acid blob
 17801 | Lair:6   | Noticed an acid blob
 17802 | Lair:6   | Found a staircase to the Slime Pits.
 17802 | Lair:6   | Noticed an acid blob
 17850 | Lair:6   | Got a jewelled buckler
 17861 | Lair:6   | Identified the -7 buckler of Cocytus {rPois rF- rN++ MR+} (You found it on level 6 of the Lair of Beasts)
 18112 | Lair:6   | Reached XP level 14. HP: 125/125 MP: 18/18
 18184 | Lair:6   | Got a jewelled chain mail
 18215 | Lair:6   | Identified the +6 chain mail "Meaqune" {-Cast rPois rN++} (You found it on level 6 of the Lair of Beasts)
 19328 | Lair:6   | Identified a scroll of acquirement
 19727 | Orc:1    | Entered Level 1 of the Orcish Mines
 19896 | Orc:1    | Noticed Urug
 19911 | Orc:1    | Killed Urug
 20230 | Orc:2    | Entered Level 2 of the Orcish Mines
 20325 | Orc:2    | Noticed Lavandula's ghost (journeyman DDTm)
 20336 | Orc:2    | Killed Lavandula's ghost
 20537 | Orc:2    | Noticed an orc warlord
 20543 | Orc:2    | Reached skill level 17 in Axes
 20549 | Orc:2    | Killed an orc warlord
 21376 | Orc:2    | Gained mutation: Your spells are a little easier to cast, but a little less powerful. [a neqoxec]
 21840 | Orc:2    | Found a staircase to the Elven Halls.
 22037 | Orc:2    | Found Deruc's Book Shoppe.
 22037 | Orc:2    | Found Puda's Distillery.
 22061 | Orc:2    | Found Seemeniy's Antique Weapon Shop.
 22061 | Orc:2    | Found Yrghupniphy's Weapon Shoppe.
 23023 | D:12     | Noticed Gitz's ghost (journeyman HOFi)
 23032 | D:12     | Killed Gitz's ghost
 23590 | D:13     | Noticed Josephine
 23598 | D:13     | Killed Josephine
 23598 | D:13     | Reached XP level 15. HP: 132/134 MP: 15/20
 23872 | D:13     | Noticed Nessos
 23892 | D:13     | Killed Nessos
 24224 | D:14     | Found a gate to the Vaults.
 24245 | D:14     | Found a flickering gateway to a bazaar.
 24254 | Bazaar   | Entered a bazaar
 24257 | Bazaar   | Found Tikuk's Distillery.
 24272 | Bazaar   | Found Furgha Cehoq's Armour Shoppe.
 24282 | Bazaar   | Found Suduaghu's Distillery.
 24289 | Bazaar   | Found Gymenout's Antique Weapon Emporium.
 24295 | Bazaar   | Bought a polished great mace for 345 gold pieces
 24301 | Bazaar   | Identified the +0 great mace of Zooxkic {freeze, Fragile Int+10} (You bought it in a shop in a bazaar)
 25318 | D:15     | Entered Level 15 of the Dungeon
 25730 | D:15     | Reached skill level 15 in Shields
 25924 | D:15     | Reached skill level 18 in Axes
 25925 | D:15     | Reached skill level 10 in Dodging
 26684 | D:15     | Found a staircase to the Depths.
 27321 | Spider:1 | Entered Level 1 of the Spider Nest
 27402 | Spider:1 | Got an ebony rapier
 27403 | Spider:1 | Identified the +3 rapier of Miry Ycail {pain, +Fly MR- Int+4 Dex+2} (You found it on level 1 of the Spider Nest)
 27778 | Spider:1 | Reached XP level 16. HP: 147/147 MP: 21/21
 29134 | Spider:3 | Reached skill level 19 in Axes
 29193 | Spider:3 | Noticed Nikola
 29206 | Spider:3 | Killed Nikola
 29206 | Spider:3 | Reached skill level 15 in Fighting
 29210 | Spider:3 | Got a pair of ancient gloves
 29221 | Spider:3 | Identified the cursed +0 pair of gloves "Nafruk" {rF++ MR-} (You took it off Nikola on level 3 of the Spider Nest)
 29316 | Spider:3 | Reached skill level 10 in Invocations
 29452 | Spider:3 | Noticed Kirke
 29464 | Spider:3 | Killed Kirke
 29805 | Spider:4 | Entered Level 4 of the Spider Nest
 30200 | Spider:4 | Paralysed by a hornet for 1 turns
 30209 | Spider:4 | Reached XP level 17. HP: 139/156 MP: 15/23
 30240 | Spider:4 | Reached skill level 20 in Axes
 30606 | Spider:4 | Got a gossamer rune of Zot
 31607 | Shoals:1 | Entered Level 1 of the Shoals
 31710 | Shoals:1 | HP: 7/158 [alligator snapping turtle (33)]
 33720 | Shoals:3 | Got an encrusted ring mail
 33731 | Shoals:3 | Identified the cursed +0 ring mail "Heov" {rPois rN++ Int+2 Stlth+} (You found it on level 3 of the Shoals)
 34467 | Shoals:4 | Entered Level 4 of the Shoals
 34533 | Shoals:4 | Reached XP level 18. HP: 133/169 MP: 25/25
 34538 | Shoals:4 | Reached skill level 15 in Armour
 34814 | Shoals:4 | Noticed teofil's ghost (adept TrFi)
 34844 | Shoals:4 | Killed teofil's ghost
 34857 | Shoals:4 | Reached skill level 21 in Axes
 35796 | Shoals:4 | Noticed Ilsuiw
 35804 | Shoals:4 | Killed Ilsuiw
 35903 | Shoals:4 | Got a barnacled rune of Zot
 36375 | Orc:2    | Bought a potion of heal wounds for 85 gold pieces
 37707 | Elf:1    | Entered Level 1 of the Elven Halls
 39329 | Elf:2    | Found Usolan's General Store.
 39350 | Elf:2    | Bought a potion of heal wounds for 55 gold pieces
 39614 | Elf:2    | Found a runed gate.
 39614 | Elf:2    | Found a runed gate.
 39614 | Elf:2    | Found a runed gate.
 39684 | Elf:2    | Noticed Roxanne
 39704 | Elf:2    | Killed Roxanne
 39705 | Elf:2    | Noticed Jorgrun
 39728 | Elf:2    | Killed Jorgrun
 39728 | Elf:2    | Reached XP level 19. HP: 112/180 MP: 24/26
 40588 | Elf:2    | Reached skill level 22 in Axes
 40992 | Elf:3    | Entered Level 3 of the Elven Halls
 41232 | Elf:3    | Found a portal to a secret trove of treasure.
 41892 | Elf:3    | HP: 4/182 [deep elf master archer/arrow (24)]
 42445 | Elf:3    | Got a steaming steel amulet
 42517 | Elf:3    | Got a scorched ring mail
 42518 | Elf:3    | Identified the +5 ring mail of Minor Irritation {MP+9 Str+3 Slay+3} (You took it off a deep elf high priest on level 3 of the Elven Halls)
 42519 | Elf:3    | Identified the amulet of Paoruf {RegenMP MR+ Int+2} (You took it off a deep elf master archer on level 3 of the Elven Halls)
 42812 | Elf:3    | Got a vibrating platinum ring
 42839 | Elf:3    | Identified the ring of the Modern Lives {+Blink +Fly rElec Str+3 Int+6} (You took it off a deep elf elementalist on level 3 of the Elven Halls)
 42875 | Elf:3    | Identified the Volume of Earthen Dark Rituals
 42973 | Elf:3    | Identified the Volume of Doomed Summoning
 43595 | Vaults:1 | Entered Level 1 of the Vaults
 43828 | Vaults:1 | Found Inlealun's Gadget Shop.
 43949 | Vaults:1 | HP: 2/183 [large slime creature (9)]
 43955 | Vaults:1 | Noticed Peloso's ghost (adept MiFi)
 43961 | Vaults:1 | Killed from afar by a deep elf knight

Skill      XL: |  1  2  3  4  5  6  7  8  9 10 11 12 13 14 15 16 17 18 19 |
---------------+----------------------------------------------------------+-----
Armour         | 4 5 6 7 8 9 10 11 12 13 14 15 16 | 16.6
Fighting       | 4 5 6 7 8 9 10 11 12 14 15 17 18 19 | 19.6
Shields        | 4 5 6 7 8 9 10 11 13 14 15 | 15.0
Axes           | 3 6 7 8 10 12 14 15 16 17 18 19 20 21 22 | 22.5
Dodging        | 2 3 4 5 6 7 8 9 10 11 12 | 12.8
Invocations    | 1 3 4 5 6 8 9 10 11 12 | 12.4
Unarmed Combat | |  0.1
Evocations     | |  0.3

Action                   |  1- 3 |  4- 6 |  7- 9 | 10-12 | 13-15 | 16-18 | 19-21 || total
-------------------------+-------+-------+-------+-------+-------+-------+-------++-------
Melee: War axe           |    87 |    89 |   197 |   190 |   865 |       |       ||  1428
       Headbutt          |    12 |    14 |    65 |   146 |   320 |   323 |    89 ||   969
       Broad axe         |       |       |   153 |   382 |       |       |   132 ||   667
       Battleaxe         |       |       |       |       |    90 |  1079 |   172 ||  1341
       Unarmed           |       |       |       |       |       |     8 |       ||     8
Invok: Stomp             |       |       |     2 |     1 |     6 |     1 |       ||    10
       Grand Finale      |       |       |       |     1 |     3 |     2 |     2 ||     8
       Line Pass         |       |       |       |       |     7 |     6 |     4 ||    17
 Abil: Evoke Berserk Rag |       |       |       |     2 |       |       |       ||     2
Evoke: Wand              |       |       |       |       |       |     1 |       ||     1
  Use: Scroll            |     3 |     3 |     9 |    10 |    15 |    11 |    12 ||    63
       Potion            |       |     6 |     6 |     2 |     7 |     8 |     5 ||    34
 Stab: Paralysed         |       |       |     1 |    62 |   150 |   136 |    31 ||   380
       Confused          |       |       |       |       |     3 |     2 |     1 ||     6
       Invisible         |       |       |       |       |       |       |     2 ||     2
       Distracted        |       |       |       |       |       |       |     1 ||     1
  Eat: Chunk             |     2 |       |    11 |    20 |    50 |    42 |    15 ||   140
       Ration            |       |     1 |     2 |     4 |       |       |       ||     7
Armor: Scale mail        |    57 |    33 |     9 |       |       |       |       ||    99
       Chain mail        |       |       |    17 |   129 |   288 |   560 |    70 ||  1064
       Ring mail         |       |       |    85 |    11 |       |       |    23 ||   119
Dodge: Dodged            |    27 |    24 |   113 |   160 |   458 |  1007 |   184 ||  1973
Block: Shield            |    50 |    43 |   180 |   360 |   577 |       |       ||  1210
       Buckler           |       |       |       |       |       |       |    51 ||    51
       Reflection        |       |       |       |       |       |       |     9 ||     9
